 Dungeon Crawl Stone Soup version 0.18.1-6-gd335043 (webtiles) character file.

2430 Heskey the Fighter (level 9, 0/60 HPs)
             Began as a Gargoyle Gladiator on May 19, 2016.
             Was a Follower of Trog.
             Slain by an adder zombie (2 damage)
             ... in an ossuary.
             The game lasted 00:12:27 (4786 turns).

Heskey the Fighter (Gargoyle Gladiator)             Turns: 4786, Time: 00:12:28

Health: 0/60       AC: 19    Str: 22    XL:     9   Next: 48%
Magic:  9/9        EV: 10    Int:  9    God:    Trog [*.....]
Gold:   362        SH:  0    Dex: 10    Spells: 0 memorised, 8 levels left

rFire  . . .     SeeInvis .     n - +0 dire flail
rCold  . . .     Gourm    .     h - +0 scale mail
rNeg   + . .     Faith    .     (shield currently unavailable)
rPois  ∞         Spirit   .     c - +0 helmet
rElec  +         Dismiss  .     a - +0 cloak
rCorr  +         Reflect  .     e - +0 pair of gloves
SustAt .         Harm     .     r - +1 pair of boots
MR     .....                    (no amulet)
Stlth  ..........               (no ring)
                                o - ring of resist corrosion

@: exhausted, very slightly contaminated, slowed, invisible, very slow, not
resistant to hostile enchantments, extremely unstealthy
A: negative energy resistance 1, electricity resistance, unbreathing,
petrification resistance, rot immunity, AC +5
a: Berserk, Burn Spellbooks, Renounce Religion


You were in an ossuary.
You worshipped Trog.
Trog was aware of your devotion.
You were near starving.

You visited 2 branches of the dungeon, and saw 8 of its levels.
You also visited: Ossuary.

You collected 362 gold pieces.

Inventory:

Hand Weapons
 n - a +0 dire flail (weapon)
 q - a +3 whip of flaming
Missiles
 d - 3 throwing nets (quivered)
Armour
 a - a +0 cloak (worn)
 c - a +0 helmet (worn)
 e - a +0 pair of gloves (worn)
 h - a +0 scale mail (worn)
 r - a +1 pair of boots (worn)
 s - a +1 shield
Jewellery
 o - a ring of resist corrosion (left hand)
Wands
 i - a wand of slowing (26/48)
Scrolls
 b - 5 scrolls of magic mapping
 g - 2 scrolls of enchant armour
 j - a scroll of blinking {unknown}
 k - a scroll of fog
 l - 5 scrolls of remove curse
 t - a scroll of identify
Potions
 m - a potion of invisibility
Comestibles
 f - 7 bread rations
 p - 2 fruits


   Skills:
 * Level 9.3 Fighting
 + Level 6.4 Maces & Flails
 - Level 1.7 Throwing
 + Level 6.4 Armour
 - Level 2.4 Dodging
 - Level 4.5 Shields


You had 8 spell levels left.
You didn't know any spells.

Dungeon Overview and Level Annotations

Branches:
Dungeon (7/15)             Temple (1/1) D:6

Altars:
Cheibriados
Elyvilon
Fedhas
Gozag
Kikubaaqudgha
Makhleb
Ru
Trog
The Shining One

Shops:
D:6 %


Innate Abilities, Weirdness & Mutations

You are resistant to torment.
Your stone body is resilient (AC +5).
You are immune to poison.
You resist negative energy.
You are resistant to electric shocks.
You can survive without breathing.
You are immune to petrification.
You are immune to rotting.


Message History

The decayed bog body barely misses you. The decayed bog body touches you.
* * * LOW HITPOINT WARNING * * *
The decayed bog body freezes you!
* * * LOW HITPOINT WARNING * * *
You impale the decayed bog body!!
You destroy the decayed bog body!
Trog appreciates your killing of a magic user.
The adder zombie bites you but does no damage.
You are no longer berserk.
You are exhausted.
You feel yourself slow down.
You are near starving!
Drink which item? (? for menu, Esc to quit)
You fade into invisibility!
The adder zombie barely misses you.
The adder zombie bites you but does no damage.
You are very lightly contaminated with residual magic.
There is an empty arch of ancient stone here.
The adder zombie bites you.
You die...

≈≈ # M##≈
≈≈P## ≈≈#≈#
≈≈P≈
#####.≈##≈#
#∩..#≈.P≈#
#.Z.'†#
#@..#†..≈≈≈#
#####.≈#≈≈≈#
≈≈.≈≈##
≈##≈≈ P#
≈≈≈≈ ≈# ≈##
## ≈


You could see an adder zombie.

Vanquished Creatures
  Pikel (D:5)
  The ghost of ololoev the Magician, an amateur DEIE of Vehumet (Ossuary)
  Sigmund (D:3)
  Menkaure (D:4)
  Edmund (D:5)
  A black bear (D:3)
  A phantom (D:3)
  A sky beast (D:6)
  A centaur (D:6)
  3 giant frogs (D:6)
  A gnoll sergeant (D:5)
  2 bog bodies (Ossuary)
  2 crimson imps (D:5)
  A centaur skeleton (D:4)
  An orc priest (D:6)
  A giant frog skeleton (D:5)
  5 orc wizards
  Ijyb (D:3)
  An iguana (D:5)
  4 worker ants (D:6)
  Natasha (thrice) (D:3)
  A killer bee zombie (D:3)
  A hound skeleton (D:6)
  A mummy (Ossuary)
  2 howler monkey zombies
  A worker ant zombie (D:6)
  4 gnolls (D:5)
  2 adders
  2 shadow imps
  3 oozes
  3 worms
  5 dart slugs
  A giant gecko (D:2)
  24 orcs
  4 giant cockroaches
  9 goblins
  6 hobgoblins
  7 jackals
  12 kobolds
  3 ball pythons (D:3)
  14 bats
  4 giant newts
  3 quokka skeletons
  6 rats
152 creatures vanquished.

Vanquished Creatures (others)
  A giant frog skeleton (D:5)
1 creature vanquished.

Grand Total: 153 creatures vanquished

Notes
Turn   | Place    | Note
--------------------------------------------------------------
     0 | D:1      | Heskey the Gargoyle Gladiator began the quest for the Orb.
     0 | D:1      | Reached XP level 1. HP: 12/12 MP: 1/1
   127 | D:1      | Reached skill level 1 in Armour
   138 | D:1      | Reached XP level 2. HP: 7/18 MP: 2/2
   548 | D:2      | Reached XP level 3. HP: 20/22 MP: 3/3
   553 | D:2      | Reached skill level 3 in Fighting
  1112 | D:2      | Reached XP level 4. HP: 28/28 MP: 4/4
  1271 | D:2      | Found a glowing golden altar of the Shining One.
  1384 | D:3      | Noticed a phantom
  1420 | D:3      | Killed a phantom
  1420 | D:3      | Reached skill level 4 in Fighting
  1420 | D:3      | Reached skill level 1 in Shields
  1420 | D:3      | Reached XP level 5. HP: 23/33 MP: 5/5
  1478 | D:3      | Found a white marble altar of Elyvilon.
  1478 | D:3      | Noticed a black bear
  1514 | D:3      | Killed a black bear
  1514 | D:3      | Reached XP level 6. HP: 28/39 MP: 6/6
  1590 | D:3      | Noticed Natasha
  1634 | D:3      | Killed Natasha
  1822 | D:3      | Noticed Natasha
  1829 | D:3      | Killed Natasha
  1867 | D:3      | Noticed Natasha
  1875 | D:3      | Noticed Ijyb
  1876 | D:3      | Killed Natasha
  1876 | D:3      | Reached skill level 5 in Fighting
  1892 | D:3      | Killed Ijyb
  1992 | D:3      | Noticed Sigmund
  2008 | D:3      | Killed Sigmund
  2008 | D:3      | Reached XP level 7. HP: 37/44 MP: 7/7
  2550 | D:4      | Noticed Menkaure
  2557 | D:4      | Killed Menkaure
  2557 | D:4      | Reached skill level 6 in Fighting
  3016 | D:5      | Entered Level 5 of the Dungeon
  3032 | D:4      | Reached XP level 8. HP: 40/52 MP: 8/8
  3268 | D:5      | Noticed Pikel
  3285 | D:5      | Killed Pikel
  3285 | D:5      | Reached skill level 7 in Fighting
  3285 | D:5      | Reached skill level 5 in Maces & Flails
  3285 | D:5      | Reached skill level 5 in Armour
  3462 | D:5      | Noticed Edmund
  3492 | D:5      | Killed Edmund
  3509 | D:5      | Found a snail-covered altar of Cheibriados.
  3679 | D:5      | Reached skill level 8 in Fighting
  3761 | D:5      | Found a bloodstained altar of Trog.
  3983 | D:5      | Became a worshipper of Trog the Wrathful
  4075 | D:6      | Reached XP level 9. HP: 51/59 MP: 9/9
  4124 | D:6      | Found a blossoming altar of Fedhas.
  4124 | D:6      | Found an ancient bone altar of Kikubaaqudgha.
  4222 | D:6      | Found a staircase to the Ecumenical Temple.
  4339 | D:6      | Reached * piety under Trog
  4431 | D:6      | Found Abudiat's Food Shoppe.
  4638 | D:6      | Reached skill level 9 in Fighting
  4736 | Temple   | Entered the Ecumenical Temple
  4748 | D:7      | Found a sand-covered staircase.
  4758 | Ossuary  | Entered an ossuary
  4760 | Ossuary  | Noticed ololoev's ghost (amateur DEIE)
  4773 | Ossuary  | Killed ololoev's ghost
  4781 | Ossuary  | HP: 1/90 [decayed bog body (8)]
  4786 | Ossuary  | Slain by an adder zombie

Skill      XL: |  1  2  3  4  5  6  7  8  9 |
---------------+----------------------------+-----
Armour         | 1 2 3 4 5 6 |  6.4
Fighting       | 3 4 5 6 8 9 |  9.3
Shields        | 1 2 3 4 |  4.5
Maces & Flails | 4 5 6 |  6.4
Throwing       | |  1.7
Dodging        | |  2.4

Action                   |  1- 3 |  4- 6 |  7- 9 || total
-------------------------+-------+-------+-------++-------
Melee: Flail             |   222 |       |       ||   222
       Whip              |       |   207 |   140 ||   347
       Dire flail        |       |       |   225 ||   225
Invok: Berserk           |       |       |     1 ||     1
  Use: Potion            |       |     3 |     6 ||     9
       Scroll            |       |     6 |     6 ||    12
  Eat: Chunk             |     1 |     3 |     3 ||     7
       Fruit             |       |       |     2 ||     2
       Meat ration       |       |       |     1 ||     1
       Pizza             |       |       |     1 ||     1
Armor: Leather armour    |    26 |       |       ||    26
       Chain mail        |   164 |   143 |    47 ||   354
       Scale mail        |       |       |   167 ||   167
       Skin              |       |       |     2 ||     2
Dodge: Dodged            |   129 |    47 |   137 ||   313
Block: Shield            |     3 |    68 |    70 ||   141
